 Dungeon Crawl Stone Soup version 0.23.2-1-ga50397a6bc (webtiles) character file.

Game seed: 1853902765001357364

150180 Peloso the Peltast (level 16, -5/151 HPs)
             Began as a Minotaur Fighter on Apr 25, 2019.
             Was the Champion of Okawaru.
             Killed from afar by Mara (illusionary) (41 damage)
             ... with a bolt of fire
             ... on level 3 of the Shoals.
             The game lasted 01:51:50 (36920 turns).

Peloso the Peltast (Minotaur Fighter)              Turns: 36920, Time: 01:51:51

Health: -5/151     AC: 31    Str: 30    XL:     16   Next: 98%
Magic:  0/16       EV: 17    Int: 12    God:    Okawaru [******]
Gold:   1996       SH: 10    Dex: 14    Spells: 15/15 levels left

rFire    . . .     SeeInvis +   a - +6 double sword of Okawaru's Generosity {venom, Int+2}
rCold    + . .     Gourm    .   p - +0 buckler {reflect}
rNeg     . . .     Faith    .   I - +8 chain mail of Listlessness {Dex+3}
rPois    +         Spirit   +   s - +1 hat {SInv}
rElec    +         Reflect  +   C - scarf {cloud immunity}
rCorr    .         Harm     .   u - +2 pair of gloves
MR       ++...                  U - +1 pair of boots {Fly}
Stlth    +.........             l - amulet of guardian spirit
HPRegen  0.35/turn              j - ring "Moloamot" {rElec MR+}
MPRegen  0.15/turn              R - ring of the Illusory Planets {rPois rC+ Str+3 Int+5}

@: heroism, flying
A: retaliatory headbutt, horns 2
a: Heroism, Finesse, Renounce Religion, Stop Flying


You were on level 3 of the Shoals.
You worshipped Okawaru.
Okawaru was exalted by your worship.
You were not hungry.

You visited 4 branches of the dungeon, and saw 27 of its levels.
You also visited: Sewer.

You collected 2927 gold pieces.
You spent 931 gold pieces at shops.

Inventory:

Hand Weapons
 a - the +6 double sword of Okawaru's Generosity (weapon) {venom, Int+2}
   (Okawaru gifted it to you on level 3 of the Shoals)

   It poisons the flesh of those it strikes.
   It affects your intelligence (+2).
 b - a +1 scimitar of flaming
 c - a +3 vampiric demon blade
Armour
 p - a +0 buckler of reflection (worn)
 s - a +1 hat of see invisible (worn)
 u - a +2 pair of gloves (worn)
 C - a scarf of cloud immunity (worn)
 I - the +8 chain mail of Listlessness (worn) {Dex+3}
   (You bought it in a shop on level 2 of the Orcish Mines)

   It affects your dexterity (+3).
 U - a +1 pair of boots of flying (worn)
Jewellery
 j - the ring "Moloamot" (left hand) {rElec MR+}
   (You found it on level 12 of the Dungeon)

   [ring of protection from magic]

   It insulates you from electricity.
   It affects your resistance to hostile enchantments.
 l - an amulet of guardian spirit (around neck)
 q - an uncursed ring of wizardry
 v - an uncursed ring of protection from fire
 D - an uncursed ring of resist corrosion
 R - the ring of the Illusory Planets (right hand) {rPois rC+ Str+3 Int+5}
   (You found it on level 12 of the Dungeon)

   [ring of intelligence]

   It affects your strength (+3).
   It affects your intelligence (+5).
   It protects you from cold.
   It protects you from poison.
 W - an uncursed ring of protection from fire
 Y - the ring of Pride {MR++ Stlth-}
   (You found it on level 1 of the Lair of Beasts)

   [ring of attention]

   It affects your resistance to hostile enchantments.
   It makes you less stealthy.
Wands
 w - a wand of enslavement (9)
 x - a wand of random effects (14)
Scrolls
 e - 3 scrolls of identify
 g - 4 scrolls of noise
 m - 10 scrolls of remove curse
 o - a scroll of enchant armour
 r - 14 scrolls of teleportation
 y - 5 scrolls of fear
 z - a scroll of enchant weapon
 B - 6 scrolls of magic mapping
 O - 5 scrolls of summoning
Potions
 d - 10 potions of might
 i - 4 potions of haste
 k - 11 potions of curing
 n - a potion of resistance
 t - 3 potions of mutation
 G - 2 potions of berserk rage
 K - 2 potions of agility
 L - 10 potions of heal wounds
Comestibles
 f - 38 rations


   Skills:
 + Level 16.0(21.0) Fighting
 + Level 17.3(22.3) Long Blades
   Level 5.0(10.0) Axes
 + Level 16.1(21.1) Armour
 + Level 7.0(12.0) Dodging
 + Level 2.5(7.5) Stealth
 + Level 19.3(24.3) Shields
 + Level 2.6 Invocations
 + Level 1.4 Evocations


You had 15 spell levels left.
You didn't know any spells.
Your spell library contained the following spells:

 Spells                   Type           Power        Failure   Level  Hunger
 Animate Skeleton         Necr           N/A          63%         1    ##.....
 Freeze                   Ice            #...         63%         1    ##.....
 Magic Dart               Conj           #...         63%         1    ##.....
 Pain                     Necr           #...         63%         1    ##.....
 Summon Small Mammal      Summ           #...         63%         1    ##.....
 Call Imp                 Summ           #.......     77%         2    ###....
 Searing Ray              Conj           #.....       77%         2    ###....
 Throw Frost              Conj/Ice       #.....       77%         2    ###....
 Call Canine Familiar     Summ           #.......     94%         3    ####...
 Dazzling Spray           Conj/Hex       #.....       94%         3    ####...
 Ozocubu's Armour         Chrm/Ice       #.......     94%         3    ####...
 Regeneration             Chrm/Necr      #.........   94%         3    ####...
 Summon Guardian Golem    Hex/Summ       #.......     94%         3    ####...
 Vampiric Draining        Necr           #.........   94%         3    ####...
 Animate Dead             Necr           N/A          100%        4    #####..
 Force Lance              Conj/Tloc      #.......     100%        4    #####..
 Fulminant Prism          Conj/Hex       #.........   100%        4    #####..
 Iskenderun's Mystic Bla  Conj           #.......     100%        4    #####..
 Summon Ice Beast         Ice/Summ       #.......     100%        4    #####..
 Summon Lightning Spire   Summ/Air       #.......     100%        4    #####..
 Throw Icicle             Conj/Ice       #.......     100%        4    #####..


Dungeon Overview and Level Annotations

Branches:
Dungeon (15/15)            Temple (0/1) D:7            Lair (6/6) D:11
 Shoals (4/4) Lair:3        Snake (0/4) Lair:2        Slime (0/5) Lair:6
    Orc (2/2) D:11            Elf (0/3) Orc:2        Vaults (0/5) D:14
 Depths (0/5) D:15

Altars:
Ashenzari
Cheibriados
Dithmenos
Fedhas
Gozag
Kikubaaqudgha
Nemelex Xobeh
Okawaru
Qazlal
Ru
Sif Muna
Vehumet
Wu Jian
Zin
Beogh
Jiyva

Shops:
D:6 %=?   D:10 }   D:13 %   Orc:2 ([!:   Shoals:2 *   Shoals:3 %

Annotations:
Shoals:3 Mara


Innate Abilities, Weirdness & Mutations

You reflexively headbutt those who attack you in melee.
You have a pair of horns on your head.


Message History

Mara blinks! x2
Unknown command.
You slice Mara!!
Mara is lightly wounded.
You block Mara's attack.
Unknown command.
You miss Mara. You headbutt Mara, but do no damage.
Mara is lightly wounded.
Mara hits you but does no damage.
You slash Mara!
Mara is lightly wounded.
Peloso's illusion hits you but does no damage.
Mara hits you with a +0 vampiric demon whip!
* * * LOW HITPOINT WARNING * * *
Mara draws strength from your wounds!
You slice Mara!! Your headbutt misses Mara.
Mara is moderately wounded.
Mara gestures at you. The bolt of fire hits you!!!
You die...

#################################
≈≈≈≈≈≈≈≈≈≈≈≈≈≈≈≈≈≈≈≈≈≈≈≈≈≈≈≈≈≈≈≈≈
≈≈≈≈≈≈≈≈≈≈≈≈≈≈≈≈≈≈≈≈≈≈≈≈≈≈≈≈≈≈≈≈≈
≈≈≈≈≈≈≈≈≈≈≈≈≈≈≈≈≈≈≈≈≈≈≈≈≈≈≈≈≈≈≈≈≈
≈≈≈≈≈≈≈≈≈≈≈≈≈≈≈≈≈≈≈≈≈≈≈≈≈≈≈≈≈≈≈≈≈
≈≈≈≈≈≈≈≈≈≈≈≈≈≈≈≈≈≈≈≈≈≈≈≈≈≈≈≈≈≈≈≈≈
≈≈≈≈≈≈≈≈≈≈≈R§§≈≈≈≈≈≈≈≈≈≈≈≈≈≈≈≈≈≈≈
≈≈≈≈≈#####≈≈≈≈§.@≈≈≈(≈≈≈≈≈≈≈≈≈≈≈≈
≈≈≈≈≈#§§§#...≈≈.@R≈(≈≈≈≈≈≈≈≈≈≈≈≈≈
≈≈≈≈≈#§§§#......R.≈≈.≈≈≈≈≈≈≈≈≈≈≈≈
≈≈≈≈≈#§§§#.......(≈≈..≈≈....≈≈≈≈≈
≈≈≈≈≈##§##§..(..((.≈≈≈≈≈...≈≈≈≈≈≈
≈≈≈≈§§§.§§§§.......PP≈≈≈...≈≈≈≈≈≈
....§§§.§§§§∩.....P≈≈≈≈≈≈≈≈≈≈≈≈≈≈
.....§§.§.§§......≈≈≈≈≈≈≈≈≈≈≈≈≈≈≈
.....§§.§.........≈≈≈≈≈≈≈≈≈≈≈≈≈≈≈


You could see 3 Maras and Peloso's illusion.

Vanquished Creatures
  Rupert (Lair:3)
  2 acid blobs (Lair:6)
  The ghost of Pepn the Bludgeoner, a journeyman HuBe of Trog (Shoals:3)
  2 orc warlords (Orc:1)
  A stone giant (Orc:1)
  5 dire elephants (Lair:6)
  4 ogre magi
  Erolcha (Orc:2)
  The ghost of KinonikoII the Cleaver, a journeyman DDFi of Makhleb (Lair:1)
  2 rakshasas
  10 hydras
  2 merfolk avatars
  A death knight (D:11)
  3 catoblepae
  An anaconda (Lair:6)
  3 centaur warriors
  A merfolk aquamancer (Shoals:1)
  6 two-headed ogres
  An alligator snapping turtle (Shoals:3)
  2 satyrs (Shoals:3)
  9 death yaks
  2 orc high priests (Orc:1)
  2 tengu warriors (D:12)
  Urug (Lair:2)
  4 unseen horrors
  12 sea snakes
  2 phantasmal warriors
  4 orc knights
  2 deep elf archers
  5 deep elf magi
  2 wolf spider zombies
  16 harpies
  A manticore (shapeshifter) (D:14)
  2 wolf spiders
  6 cyclopes
  11 orc sorcerers
  10 ugly things
  8 manticores
  9 fauns
  3 black mambas
  3 merfolk sirens
  4 elephants (Lair:6)
  4 centaur zombies
  A guardian serpent (D:15)
  3 water nymphs
  4 gargoyles
  A rime drake (shapeshifter) (D:10)
  8 spiny frogs
  A kobold demonologist (D:10)
  An efreet (D:14)
  9 komodo dragons
  3 freezing wraiths
  11 merfolk
  6 trolls
  8 slime creatures
  3 wind drakes
  A hornet (D:12)
  A wind drake (shapeshifter) (D:14)
  A blink frog (shapeshifter) (D:14)
  11 blink frogs
  7 dream sheep
  9 hippogriffs
  6 snapping turtles
  A meliai zombie (D:14)
  A centaur simulacrum (D:13)
  A shadow (D:12)
  4 water elementals
  3 wyverns (D:14)
  A vampire (D:14)
  7 wraiths
  55 yaks
  2 fire bats (Orc:2)
  A human (D:7)
  6 vampire mosquitoes
  11 basilisks
  A steam dragon (D:15)
  3 hogs (D:7)
  4 nagas (Lair:2)
  4 hungry ghosts
  An acid dragon (D:14)
  5 wargs
  16 water moccasins
  26 orc warriors
  12 porcupines
  4 ice beasts
  4 phantoms
  6 sky beasts
  2 eyes of draining (D:14)
  4 black bears
  16 ogres
  3 necrophages
  4 boggarts (D:14)
  14 wolves
  9 centaurs
  11 crocodiles
  5 big kobolds
  2 wyvern zombies
  14 bullfrogs
  A wyvern skeleton (D:10)
  3 scorpions
  A water moccasin skeleton (D:5)
  10 wights
  12 killer bees
  3 electric eels
  6 howler monkeys
  10 crimson imps
  A bullfrog zombie (D:10)
  A quasit (D:15)
  8 hounds
  A gnoll shaman (D:10)
  6 jellies
  2 human zombies (D:9)
  19 orc priests
  12 centaur skeletons
  4 bullfrog skeletons
  Natasha (thrice) (D:4)
  4 iguanas
  29 orc wizards
  A statue (D:7)
  14 worker ants
  2 killer bee zombies (D:5)
  An ogre zombie (D:9)
  2 hound zombies
  2 hound skeletons
  A mummy (D:9)
  Robin (D:1)
  A worker ant zombie (D:8)
  9 gnolls
  14 adders
  A howler monkey skeleton (D:11)
  6 shadow imps
  An adder skeleton (D:6)
  An adder zombie (D:6)
  3 worms
  5 dart slugs
  6 leopard geckos
  73 orcs
  4 ball pythons
  7 bats
  6 giant cockroaches
  16 goblins
  10 hobgoblins
  16 jackals
  30 kobolds
  6 quokkas
  5 frilled lizards
  2 leopard gecko skeletons
  13 rats
  6 plants
  A withered plant (Shoals:1)
932 creatures vanquished.

Vanquished Creatures (others)
  Polyphemus (Shoals:2)
  A satyr (Shoals:3)
  An orc knight (D:12)
  An orc wizard (Orc:1)
  6 fungi
  14 plants
24 creatures vanquished.

Grand Total: 956 creatures vanquished

Notes
Turn   | Place    | Note
-------+----------+-------------------------------------------
     0 | D:1      | Peloso the Minotaur Fighter began the quest for the Orb.
     0 | D:1      | Reached XP level 1. HP: 19/19 MP: 0/0
   113 | D:1      | Reached XP level 2. HP: 10/27 MP: 1/1
   568 | D:1      | Reached skill level 4 in Shields
   713 | D:2      | Noticed Robin
   718 | D:1      | Killed Robin
   718 | D:1      | Reached XP level 3. HP: 33/33 MP: 2/2
  1061 | D:2      | Reached XP level 4. HP: 37/41 MP: 3/3
  1286 | D:2      | Found an opulent altar of Gozag.
  1290 | D:2      | Found a sparkling altar of Nemelex Xobeh.
  1558 | D:3      | Reached XP level 5. HP: 47/47 MP: 4/4
  1578 | D:3      | Reached skill level 1 in Dodging
  1944 | D:3      | Found a snail-covered altar of Cheibriados.
  2099 | D:4      | Noticed Natasha
  2118 | D:4      | Killed Natasha
  2280 | D:4      | Noticed Natasha
  2286 | D:4      | Reached skill level 5 in Shields
  2292 | D:4      | Killed Natasha
  2292 | D:4      | Reached skill level 5 in Long Blades
  2292 | D:4      | Reached XP level 6. HP: 36/53 MP: 5/5
  2418 | D:4      | Reached skill level 5 in Armour
  2534 | D:4      | Noticed Natasha
  2538 | D:4      | Killed Natasha
  2587 | D:4      | Found a shattered altar of Ashenzari.
  3085 | D:5      | Entered Level 5 of the Dungeon
  3477 | D:5      | Reached XP level 7. HP: 45/60 MP: 6/6
  3544 | D:5      | Found a sacrificial altar of Ru.
  3800 | D:5      | Reached skill level 6 in Shields
  3801 | D:5      | Reached skill level 5 in Fighting
  3825 | D:5      | Reached XP level 8. HP: 40/68 MP: 4/7
  3970 | D:6      | Found a glowing drain.
  3978 | Sewer    | Entered a sewer
  4078 | Sewer    | Found a white marble altar of Elyvilon.
  4228 | D:6      | Reached skill level 7 in Shields
  4569 | D:6      | Found Imoi's Jewellery Shoppe.
  4582 | D:6      | Bought a cursed amulet of inaccuracy for 28 gold pieces
  4647 | D:6      | Found Ejo Sior's Food Boutique.
  4729 | D:6      | Found a glowing silver altar of Zin.
  4730 | D:6      | Found an iron altar of Okawaru.
  4731 | D:6      | Found a deep blue altar of Sif Muna.
  4738 | D:6      | Became a worshipper of Warmaster Okawaru
  4875 | D:6      | Found Wiasos's Magic Scroll Shoppe.
  4883 | D:6      | Bought a scroll of teleportation for 39 gold pieces
  4883 | D:6      | Bought a scroll of remove curse for 39 gold pieces
  4883 | D:6      | Bought a scroll of enchant armour for 97 gold pieces
  4883 | D:6      | Bought a scroll of identify for 26 gold pieces
  4883 | D:6      | Bought a scroll of identify for 26 gold pieces
  4883 | D:6      | Bought a scroll of identify for 26 gold pieces
  4883 | D:6      | Bought a scroll of magic mapping for 45 gold pieces
  5003 | D:7      | Reached XP level 9. HP: 75/75 MP: 8/8
  5036 | D:7      | Found a staircase to the Ecumenical Temple.
  5045 | D:7      | Reached skill level 8 in Shields
  5065 | D:7      | Reached * piety under Okawaru
  5106 | D:7      | Reached skill level 10 in Long Blades
  5584 | D:7      | Found a radiant altar of Vehumet.
  5701 | D:7      | Reached skill level 9 in Shields
  5706 | D:7      | Reached ** piety under Okawaru
  5801 | D:7      | Found a stormy altar of Qazlal.
  6173 | D:8      | Reached skill level 1 in Stealth
  6384 | D:8      | Reached XP level 10. HP: 79/84 MP: 7/9
  6414 | D:8      | Found a shadowy altar of Dithmenos.
  6679 | D:9      | Lost intelligence.
  6892 | D:9      | Reached *** piety under Okawaru
  7059 | D:9      | Found an ornate altar of the Wu Jian Council.
  7250 | D:9      | Found a stormy altar of Qazlal.
  7356 | D:9      | Reached **** piety under Okawaru
  7423 | D:9      | Reached skill level 10 in Shields
  7449 | D:9      | Found an ancient bone altar of Kikubaaqudgha.
  7776 | D:10     | Entered Level 10 of the Dungeon
  7985 | D:10     | Reached XP level 11. HP: 81/95 MP: 7/10
  8131 | D:10     | Found Rigikk's Gadget Emporium.
  8153 | D:10     | Found a blossoming altar of Fedhas.
  8185 | D:10     | Reached skill level 10 in Armour
  8191 | D:10     | Reached ***** piety under Okawaru
  8459 | D:10     | Reached skill level 11 in Shields
  8617 | D:11     | Noticed a seven-headed hydra
  8634 | D:10     | Killed a one-headed hydra
  9056 | D:11     | Noticed a brown ugly thing
  9056 | D:11     | Noticed a centaur warrior
  9056 | D:11     | Noticed a centaur warrior
  9069 | D:11     | Reached skill level 1 in Axes
  9076 | D:11     | Found a staircase to the Orcish Mines.
  9424 | D:10     | Killed a brown ugly thing
  9477 | D:10     | Killed a centaur warrior
  9751 | D:11     | Received a gift from Okawaru
  9776 | D:11     | Noticed a seven-headed hydra
 10285 | D:11     | Noticed a white ugly thing
 10319 | D:11     | Killed a white ugly thing
 10401 | D:11     | Killed a two-headed hydra
 10401 | D:11     | Reached skill level 10 in Fighting
 10401 | D:11     | Reached skill level 12 in Shields
 10481 | D:11     | Reached XP level 12. HP: 59/106 MP: 9/11
 10716 | D:11     | Found a staircase to the Lair.
 10861 | D:10     | Reached ****** piety under Okawaru
 10893 | D:10     | Received a gift from Okawaru
 11314 | D:11     | Noticed a two-headed ogre
 11323 | D:11     | Killed a two-headed ogre
 11586 | D:11     | Killed a centaur warrior
 11716 | D:11     | Found a roughly hewn altar of Beogh.
 12307 | Lair:1   | Entered Level 1 of the Lair of Beasts
 12316 | Lair:1   | Noticed an eight-headed hydra
 12329 | Lair:1   | Killed a two-headed hydra
 13325 | Lair:1   | Noticed KinonikoII's ghost (journeyman DDFi)
 13326 | Lair:1   | Found a transporter.
 13481 | Lair:1   | Found a transporter.
 13552 | Lair:1   | Reached skill level 13 in Shields
 13785 | Lair:2   | Noticed a six-headed hydra
 13797 | Lair:2   | Killed a one-headed hydra
 14156 | Lair:2   | Found a staircase to the Snake Pit.
 14197 | Lair:2   | Noticed a four-headed hydra
 14201 | Lair:2   | Noticed Urug
 14207 | Lair:2   | Killed a one-headed hydra
 14232 | Lair:2   | Killed Urug
 14641 | Lair:2   | Received a gift from Okawaru
 14641 | Lair:2   | Reached XP level 13. HP: 116/116 MP: 12/12
 15179 | Lair:3   | Found a staircase to the Shoals.
 15489 | Lair:3   | Noticed Rupert
 15516 | Lair:3   | Killed Rupert
 15516 | Lair:3   | Reached skill level 14 in Shields
 15516 | Lair:3   | Reached skill level 1 in Invocations
 15890 | Lair:3   | Got an iridescent short sword
 15895 | Lair:3   | Identified the +5 short sword of Soamaf {pierce, rF- MP+9
                  | Str+4 Int+3 Stlth+} (You found it on level 3 of the Lair of
                  | Beasts)
 17522 | Lair:3   | Received a gift from Okawaru
 17683 | Lair:4   | You are sucked into a shaft for 2 floors!
 17683 | Lair:6   | Entered Level 6 of the Lair of Beasts
 19727 | Lair:6   | Reached skill level 15 in Shields
 20224 | Lair:6   | Found a runed translucent door.
 20226 | Lair:6   | Found a viscous altar of Jiyva.
 20282 | Lair:6   | Reached XP level 14. HP: 123/127 MP: 13/13
 20298 | Lair:6   | Reached skill level 5 in Axes
 20502 | Lair:6   | Noticed an acid blob
 20503 | Lair:6   | Found a staircase to the Slime Pits.
 20503 | Lair:6   | Noticed an acid blob
 20645 | Lair:6   | Got a smoking glaive
 20646 | Lair:6   | Identified the +0 glaive "Welatun" {chop, Int+2} (You found
                  | it on level 6 of the Lair of Beasts)
 20815 | Lair:6   | Received a gift from Okawaru
 22163 | Lair:1   | Killed KinonikoII's ghost
 22163 | Lair:1   | Reached skill level 15 in Long Blades
 22163 | Lair:1   | Reached skill level 1 in Evocations
 22210 | Lair:1   | Got a scorched lapis lazuli ring
 22212 | Lair:1   | Identified the ring of Pride {MR++ Stlth-} (You found it on
                  | level 1 of the Lair of Beasts)
 22315 | Lair:1   | Identified a scroll of acquirement
 23442 | D:11     | Reached skill level 16 in Shields
 24238 | D:12     | Received a gift from Okawaru
 24546 | D:12     | Got a vibrating lead ring
 24548 | D:12     | Identified the ring "Moloamot" {rElec MR+} (You found it on
                  | level 12 of the Dungeon)
 24800 | D:12     | Got a fine hand crossbow
 24801 | D:12     | Identified the +5 hand crossbow "Pemuw" {freeze, +Fly MR+}
                  | (You found it on level 12 of the Dungeon)
 24885 | D:12     | Got a fine scale mail
 24896 | D:12     | Identified the +5 scale mail "Zats" {rF+ rN+ Slay+3} (You
                  | found it on level 12 of the Dungeon)
 25006 | D:12     | Got a glittering tin ring
 25008 | D:12     | Identified the ring of the Illusory Planets {rPois rC+
                  | Str+3 Int+5} (You found it on level 12 of the Dungeon)
 25557 | D:13     | Found Kesyvercho's Food Shoppe.
 25977 | Orc:1    | Entered Level 1 of the Orcish Mines
 25984 | D:11     | Reached XP level 15. HP: 129/137 MP: 15/15
 26342 | Orc:1    | Found a roughly hewn altar of Beogh.
 26378 | Orc:1    | Reached skill level 17 in Shields
 26560 | Orc:1    | Reached skill level 5 in Dodging
 26721 | Orc:2    | Entered Level 2 of the Orcish Mines
 26741 | Orc:2    | Noticed an orc warlord
 26978 | Orc:1    | Killed an orc warlord
 27228 | Orc:2    | Noticed an orc warlord
 27257 | Orc:1    | Killed an orc warlord
 27359 | Orc:1    | Received a gift from Okawaru
 27648 | Orc:2    | Found a staircase to the Elven Halls.
 28123 | Orc:2    | Found Sixkiyget's Book Emporium.
 28160 | Orc:2    | Found an ancient bone altar of Kikubaaqudgha.
 28254 | Orc:2    | Found Nooloyzu's Distillery.
 28266 | Orc:2    | Noticed Erolcha
 28277 | Orc:2    | Killed Erolcha
 28278 | Orc:2    | Found a radiant altar of Vehumet.
 28291 | Orc:2    | Bought a potion of berserk rage for 75 gold pieces
 28291 | Orc:2    | Bought a potion of cancellation for 120 gold pieces
 28291 | Orc:2    | Bought a potion of might for 60 gold pieces
 28291 | Orc:2    | Bought a potion of heal wounds for 75 gold pieces
 28353 | Orc:2    | Found a roughly hewn altar of Beogh.
 28363 | Orc:2    | Found Goxinkett's Antique Armour Emporium.
 28388 | Orc:2    | Bought an obsidian-studded chain mail for 275 gold pieces
 28400 | Orc:2    | Identified the +8 chain mail of Listlessness {Dex+3} (You
                  | bought it in a shop on level 2 of the Orcish Mines)
 28431 | Orc:2    | Paralysed by an orc sorcerer for 2 turns
 28451 | Orc:2    | Found Sanevium's Antique Weapon Shoppe.
 28659 | Orc:2    | Reached skill level 15 in Armour
 29565 | D:14     | Reached skill level 18 in Shields
 29975 | D:14     | Found a gate to the Vaults.
 30043 | D:15     | Entered Level 15 of the Dungeon
 30576 | D:15     | Got a transparent arbalest
 30944 | D:15     | Received a gift from Okawaru
 30969 | D:15     | Identified the +12 arbalest of Perfectionism {penet, rF-
                  | rN++ Dex+4} (You found it on level 15 of the Dungeon)
 31886 | Lair:6   | Killed an acid blob
 31892 | Lair:6   | Killed an acid blob
 31892 | Lair:6   | Reached XP level 16. HP: 78/147 MP: 7/16
 32587 | D:15     | Found a staircase to the Depths.
 32878 | Shoals:1 | Entered Level 1 of the Shoals
 32992 | Shoals:1 | Received a gift from Okawaru
 33259 | Shoals:1 | Reached skill level 15 in Fighting
 33868 | Shoals:1 | Reached skill level 19 in Shields
 34310 | Shoals:2 | Found Gabac's General Store.
 34853 | Shoals:2 | Noticed Polyphemus
 34881 | Shoals:2 | Killed Polyphemus
 35768 | Shoals:3 | Found Xiexzom's Food Boutique.
 35772 | Shoals:3 | Found a runed translucent door.
 35774 | Shoals:3 | Noticed Pepn's ghost (journeyman HuBe)
 35832 | Shoals:3 | Received a gift from Okawaru
 35866 | Shoals:3 | Got an iridescent double sword {god gift}
 35867 | Shoals:3 | Identified the +6 double sword of Okawaru's Generosity
                  | {venom, Int+2} (Okawaru gifted it to you on level 3 of the
                  | Shoals)
 36415 | Shoals:3 | Killed Pepn's ghost
 36446 | Shoals:4 | Entered Level 4 of the Shoals
 36446 | Shoals:4 | Noticed Mara
 36913 | Shoals:3 | Noticed Peloso's illusion
 36920 | Shoals:3 | Killed from afar by Mara (illusionary)

Skill      XL: |  1  2  3  4  5  6  7  8  9 10 11 12 13 14 15 16 |
---------------+-------------------------------------------------+-----
Fighting       | 4 5 6 8 10 11 12 13 14 16 | 16.0
Armour         | 4 5 6 7 8 9 11 12 13 14 15 16 | 16.1
Shields        | 4 5 6 7 9 10 12 13 15 16 18 19 | 19.3
Long Blades    | 3 4 5 7 9 11 12 13 14 15 16 17 | 17.3
Dodging        | 1 2 3 4 6 7 |  7.0
Stealth        | 1 2 |  2.5
Axes           | 2 3 4 5 |  5.0
Invocations    | 1 2 |  2.6
Evocations     | 1 |  1.4

Action                   |  1- 3 |  4- 6 |  7- 9 | 10-12 | 13-15 | 16-18 || total
-------------------------+-------+-------+-------+-------+-------+-------++-------
Melee: Long sword        |    77 |   200 |   403 |   788 |       |       ||  1468
       Headbutt          |    12 |    41 |    92 |   323 |   776 |   178 ||  1422
       Hand axe          |       |       |       |    46 |    38 |       ||    84
       Falchion          |       |       |       |   282 |  2290 |       ||  2572
       Demon blade       |       |       |       |       |    46 |   496 ||   542
       Double sword      |       |       |       |       |       |    42 ||    42
Invok: Heroism           |       |       |     1 |     9 |    24 |     3 ||    37
Evoke: Wand              |       |       |       |     3 |    20 |       ||    23
  Use: Scroll            |       |     5 |     4 |    11 |    15 |     2 ||    37
       Potion            |       |       |     3 |     2 |     2 |     1 ||     8
 Stab: Petrified         |       |       |       |       |       |     5 ||     5
  Eat: Chunk             |       |     8 |     7 |    22 |    35 |    11 ||    83
       Ration            |       |       |     2 |     2 |     8 |     2 ||    14
Armor: Scale mail        |    60 |    21 |       |       |   139 |       ||   220
       Chain mail        |       |    91 |   148 |       |   174 |   268 ||   681
       Plate armour      |       |       |    26 |   517 |   518 |       ||  1061
Dodge: Dodged            |    35 |    74 |    79 |   257 |   591 |   221 ||  1257
Block: Shield            |    54 |   147 |   215 |   636 |  1456 |    52 ||  2560
       Buckler           |       |       |       |       |       |   184 ||   184
       Reflection        |       |       |       |       |       |    25 ||    25
       Rpst.: Long sword |    12 |    22 |    18 |    51 |       |       ||   103
       Falchion          |       |       |       |    18 |   111 |       ||   129
       Demon blade       |       |       |       |       |     4 |    38 ||    42
       Double sword      |       |       |       |       |       |     3 ||     3
